Map: Jagannatha LE

Players

Astrea

  • Race: Protoss Protoss
  • League: Master
  • Spawn Location: 1:00

Neeb - Winner!

  • Race: Protoss Protoss
  • Spawn Location: 7:00

Event: DreamHack SC2 Masters 2020 Winter

VOD

Have the link to the VOD?

Description

Time

  • Played on: Oct. 27, 2020, 5:37 p.m.
  • Length: 8:37

All games in this series

Show
View Real Time Build Order
Export as new Build Order

Astrea Protoss 

Build Orders: Oracle Opening 

Get SALT Encoding   

  12  0:00  Probe  
  13  0:12  Probe  
  14  0:17  Pylon  
  14  0:24  Probe (Chrono Boost)  
  15  0:36  Gateway, Probe (Chrono Boost)  
  16  0:45  Assimilator, Probe (Chrono Boost)  
  17  0:51  Probe  
  17  0:55  Assimilator  
  18  1:03  Probe (Chrono Boost)  
  19  1:11  Gateway  
  19  1:12  Probe (Chrono Boost)  
  19  1:17  Probe (Chrono Boost)  
  20  1:24  Cybernetics Core  
  21  1:29  Probe  
  22  1:33  Pylon  
  22  1:41  Probe  
  23  1:53  Probe  
  24  1:58  Warp Gate (Chrono Boost)  
  24  2:01  Stalker x2  
  26  2:05  Probe  
  29  2:10  Pylon  
  29  2:30  Pylon  
  29  2:31  Stalker  
  31  2:42  Stargate  
  30  2:45  Stalker  
  32  3:03  Nexus  
  32  3:08  Probe  
  33  3:21  Probe  
  33  3:23  Oracle (Chrono Boost)  
  37  3:30  Shield Battery  
  37  3:33  Probe  
  37  3:37  Pylon  
  37  3:44  Twilight Council  
  37  3:45  Probe  
  38  3:55  Pylon  
  38  3:57  Probe  
  38  4:01  Sentry  
  42  4:12  Probe (Chrono Boost)  
  42  4:15  Probe (Chrono Boost)  
  43  4:17  Blink (Chrono Boost)  
  45  4:24  Probe (Chrono Boost)  
  45  4:25  Probe (Chrono Boost)  
  46  4:32  Probe (Chrono Boost)  
  46  4:34  Probe (Chrono Boost)  
  46  4:37  Probe (Chrono Boost)  
  47  4:41  Probe  
  49  4:46  Nexus  
  49  4:49  Probe  
  49  4:51  Sentry  
  52  4:55  Stalker  
  52  4:58  Probe  
  53  5:01  Probe  
  53  5:10  Probe  
  53  5:13  Probe  
  53  5:22  Probe  
  53  5:25  Probe  
  55  5:28  Stalker, Sentry  
  55  5:32  Pylon  
  55  5:34  Probe  
  60  5:36  Gateway  
  60  5:39  Probe  
  61  5:46  Probe  
  62  5:51  Probe  
  62  5:55  Robotics Facility  
  63  5:59  Shield Battery, Probe x2  
  63  6:03  Probe  
  66  6:07  Stalker x2  
  66  6:11  Probe (Chrono Boost)  
  72  6:13  Probe (Chrono Boost)  
  73  6:21  Forge, Probe (Chrono Boost)  
  73  6:23  Probe (Chrono Boost)  
  73  6:25  Charge, Probe (Chrono Boost)  
  75  6:30  Probe (Chrono Boost)  
  75  6:31  Probe (Chrono Boost)  
  78  6:32  Probe (Chrono Boost)  
  78  6:35  Probe (Chrono Boost)  
  78  6:37  Probe x2 (Chrono Boost)  
  81  6:40  Stalker x2  
  81  6:42  Pylon  
  81  6:44  Probe  
  81  6:47  Assimilator, Observer  
  87  6:48  Assimilator  
  87  6:49  Probe  
  87  6:53  Pylon, Probe  
  89  6:55  Pylon  
  89  6:56  Probe  
  90  7:04  Probe  
  90  7:07  Probe  
  92  7:08  Probe  
  92  7:15  Stalker x2  
  94  7:17  Probe  
  94  7:19  Assimilator, Stalker, Probe  
  94  7:21  Assimilator  
  94  7:22  Gateway  
  97  7:25  Probe  
  97  7:26  Gateway  
  97  7:29  Probe  
  98  7:34  Photon Cannon  
  98  7:36  Shield Battery  
  96  7:38  Stalker  
  96  7:39  Stalker  
  88  7:58  Stalker  
  88  8:01  Stalker  
  88  8:02  Stalker  
  91  8:06  Gateway  
  88  8:17  Stalker  
  79  8:23  Stalker x2  
  68  8:27  Stalker  
  68  8:31  Gateway  
Show
View Real Time Build Order
Export as new Build Order

Neeb Protoss - Winner!

Build Orders: Phoenix Opening 

Get SALT Encoding   

  12  0:00  Probe  
  13  0:12  Probe  
  14  0:17  Pylon  
  14  0:24  Probe (Chrono Boost)  
  15  0:36  Probe (Chrono Boost)  
  15  0:37  Gateway  
  16  0:43  Probe (Chrono Boost)  
  16  0:46  Assimilator  
  17  0:51  Probe  
  17  0:55  Assimilator  
  18  1:03  Probe (Chrono Boost)  
  19  1:07  Gateway  
  19  1:13  Probe (Chrono Boost)  
  19  1:18  Probe (Chrono Boost)  
  21  1:26  Cybernetics Core  
  21  1:29  Probe  
  22  1:36  Pylon  
  22  1:41  Probe  
  23  1:54  Probe  
  24  2:02  Adept x2  
  24  2:03  Warp Gate  
  28  2:09  Pylon  
  28  2:24  Probe  
  28  2:29  Pylon  
  29  2:33  Sentry x2  
  33  2:47  Nexus  
  33  2:49  Probe  
  34  2:59  Sentry  
  34  3:00  Shield Battery  
  34  3:05  Stalker  
  38  3:08  Phoenix  
  38  3:12  Pylon  
  38  3:13  Probe  
  39  3:28  Twilight Council  
  39  3:30  Probe  
  40  3:41  Forge  
  40  3:42  Probe (Chrono Boost)  
  41  3:51  Probe (Chrono Boost)  
  42  3:55  Stalker  
  42  3:59  Probe (Chrono Boost)  
  42  4:01  Probe (Chrono Boost)  
  46  4:05  Stalker  
  46  4:09  Probe (Chrono Boost)  
  50  4:11  Probe (Chrono Boost)  
  50  4:14  Protoss Ground Weapons Level 1 (Chrono Boost)  
  50  4:15  Probe  
  51  4:20  Probe  
  51  4:22  Stalker  
  51  4:23  Blink (Chrono Boost)  
  54  4:29  Probe  
  55  4:35  Probe  
  54  4:41  Probe  
  55  4:47  Pylon  
  55  4:48  Probe  
  56  4:53  Probe  
  57  5:00  Probe  
  57  5:05  Nexus  
  58  5:11  Pylon  
  58  5:12  Probe  
  57  5:16  Probe  
  57  5:20  Assimilator  
  57  5:21  Robotics Facility  
  56  5:25  Probe  
  57  5:28  Probe  
  57  5:32  Stalker  
  57  5:33  Stalker  
  62  5:37  Gateway, Probe  
  62  5:39  Gateway  
  62  5:40  Probe  
  64  5:46  Pylon  
  64  5:49  Probe  
  65  5:53  Probe  
  66  6:00  Stalker x2  
  66  6:01  Charge (Chrono Boost)  
  66  6:04  Probe, Protoss Ground Weapons Level 2 (Chrono Boost)  
  71  6:05  Probe  
  71  6:10  Observer  
  73  6:16  Probe  
  73  6:17  Probe  
  75  6:19  Probe  
  75  6:22  Gateway  
  75  6:24  Gateway  
  76  6:27  Gateway  
  76  6:32  Gateway  
  76  6:33  Probe x3  
  76  6:37  Warp Prism  
  81  6:42  Photon Cannon  
  81  6:46  Photon Cannon  
  81  6:52  Stalker x2  
  85  6:55  Pylon, Probe  
  85  6:58  Stalker  
  88  7:02  Stalker  
  88  7:04  Probe  
  89  7:11  Probe  
  89  7:15  Pylon  
  90  7:16  Pylon  
  90  7:17  Photon Cannon  
  90  7:23  Zealot x5  
  90  7:29  Templar Archives  
  100  7:37  Pylon  
  100  7:45  Zealot x7  
  100  7:48  Observer  
  109  8:06  Stalker x7  
  109  8:07  Stalker  
  119  8:17  Probe  
  119  8:19  Assimilator  
  120  8:20  Assimilator  
  118  8:32  Stalker  
Tags
 
Add a new tag
Caveats
  • Supply blocks, unpowered buildings, or Contaminate may cause inaccurate times.
  • Supply counts are checked every 10 seconds.